 Dungeon Crawl Stone Soup version 0.18.1-48-g4cf74bf (webtiles) character file.

37 hannobal the Chiller (level 3, 21/21 HPs)
             Began as an Octopode Ice Elementalist on June 27, 2016.
             Got out of the dungeon alive.
             The game lasted 00:03:04 (1197 turns).

hannobal the Chiller (Octopode Ice Elementalist)    Turns: 1197, Time: 00:03:05

Health: 21/21      AC:  1    Str:  5    XL:     3   Next: 39%
Magic:  6/6        EV: 12    Int: 18    God:
Gold:   40         SH:  0    Dex: 12    Spells: 1 memorised, 5 levels left

rFire  + . .     SeeInvis .     b - +0 hunting sling
rCold  . . .     Gourm    .     (no shield)
rNeg   . . .     Faith    .     (helmet restricted)
rPois  .         Spirit   .     (no amulet)
rElec  .         Dismiss  .     d - ring of protection from fire
rCorr  .         Reflect  .     i - ring of loudness (curse)
SustAt .         Harm     .     (no ring)
MR     .....     Rnd*Rage +     (no ring)
Stlth  ++........               (no ring)
                                (no ring)
                                (no ring)
                                (no ring)

@: not resistant to hostile enchantments, unstealthy
A: almost no armour, amphibious, 8 rings, constrict 8, camouflage 1, berserk 1,
weak 1, wild magic 1, gelatinous body 1
a: no special abilities


You escaped.
You were not hungry.

You visited 1 branch of the dungeon, and saw 1 of its levels.

You collected 40 gold pieces.

Inventory:

Hand Weapons
 a - a +0 dagger
 b - a +0 hunting sling (weapon)
Missiles
 c - 28 bolts
 h - 69 stones (quivered)
 l - 7 needles of sleeping
Jewellery
 d - a ring of protection from fire (left tentacle)
 i - a cursed ring of loudness (right tentacle)
Scrolls
 g - 4 scrolls of identify
Books
 j - a book of Frost

   Spells                             Type                      Level
   a - Freeze                         Ice                          1
   b - Throw Frost                    Conjuration/Ice              2
   c - Ozocubu's Armour               Charms/Ice                   3
   d - Throw Icicle                   Conjuration/Ice              4
   e - Summon Ice Beast               Ice/Summoning                4
Comestibles
 e - 2 bread rations
 f - a slice of pizza
 k - a royal jelly
 m - a chunk of flesh


   Skills:
 - Level 2.0 Dodging
 - Level 3.1 Stealth
 - Level 2.0 Spellcasting
   Level 1.0 Conjurations
 + Level 4.2 Ice Magic


You had 5 spell levels left.
You knew the following spells:

 Your Spells              Type           Power        Failure   Level  Hunger
z - Freeze                Ice            ###.         6%          1    #......


Dungeon Overview and Level Annotations

Branches:
Dungeon (1/15)

Altars:
Ru


Innate Abilities, Weirdness & Mutations

You cannot wear most types of armour.
You are amphibious.
You can wear up to eight rings at the same time.
You can use your tentacles to constrict eight enemies at once.
Your skin changes colour to match your surroundings (Stealth).
Your rubbery body absorbs attacks (AC +1).
You tend to lose your temper in combat.
You are weak. (Str -2)
Your spells are a little harder to cast, but a little more powerful.


Message History

Confirm with . or Enter, or press ? or * to list all spells.
Aiming: Freeze
Press: ? - help, Shift-Dir - straight line, f - hobgoblin
Aim: a hobgoblin You freeze the hobgoblin.
The hobgoblin is almost dead.
The hobgoblin hits you.
Casting: Freeze
Confirm with . or Enter, or press ? or * to list all spells.
Aiming: Freeze
Press: ? - help, Shift-Dir - straight line, f/p - hobgoblin
Aim: a hobgoblin (almost dead)
You freeze the hobgoblin.
You kill the hobgoblin!
No target in view!
(D) Dungeon
Where to? (Enter - D:1 @ (x,y), ? - help)
There is a staircase leading out of the dungeon here.
Are you sure you want to leave the Dungeon?
This will make you lose the game!
You have escaped!

.##.## #....# ##.#.# #.........
###.# #.##.# #.#.# #..####... ..#
#.# .# #...#####......#.# #
######.. # ##..#......###....
##...###### #..#......##.#.#.
#.###.##..######.'.............
##### ##.#.#.##..#.#.....#..#.#.#
..#### #..###....#.#.............
##...###.##.###.@#.#.......#.#.#.
#.##.##.##.##....#.###...........
.####...##...##..#.##.....#.#.#.#
## ##############.##............
..##....#.#.#.#. ..##............
>........#.#.#.# ##............
#......#.#.#.


There were no monsters in sight!

Vanquished Creatures
  3 dart slugs (D:1)
  2 giant geckos (D:1)
  A ball python (D:1)
  5 bats (D:1)
  3 giant cockroaches (D:1)
  A goblin (D:1)
  2 hobgoblins (D:1)
  2 jackals (D:1)
  3 kobolds (D:1)
  6 rats (D:1)
28 creatures vanquished.

Notes
Turn   | Place    | Note
--------------------------------------------------------------
     0 | D:1      | hannobal the Octopode Ice Elementalist began the quest for the Orb.
     0 | D:1      | Reached XP level 1. HP: 11/11 MP: 3/3
   201 | D:1      | Reached XP level 2. HP: 13/17 MP: 0/5
   537 | D:1      | Found a sacrificial altar of Ru.
   663 | D:1      | Reached XP level 3. HP: 19/21 MP: 2/6
   747 | D:1      | Reached skill level 4 in Ice Magic
  1112 | D:1      | Gained mutation: You tend to lose your temper in combat. [potion of mutation]
  1112 | D:1      | Gained mutation: You are weak. (Str -2) [potion of mutation]
  1112 | D:1      | Gained mutation: Your spells are a little harder to cast, but a little more powerful. [potion of mutation]
  1197 | D:$      | Got out of the dungeon alive.

Skill      XL: |  1  2  3 |
---------------+----------+-----
Stealth        | 3 |  3.1
Ice Magic      | 4 |  4.2
Dodging        | |  2.0
Spellcasting   | |  2.0
Conjurations   | |  1.0

Action                   || total
-------------------------++-------
 Fire: Hunting sling     ||    27
 Cast: Freeze            ||    38
  Use: Scroll            ||     2
       Potion            ||     4
  Eat: Chunk             ||     1
Armor: Skin              ||     4
Dodge: Dodged            ||    37
